 Dungeon Crawl Stone Soup version 0.24.1 (webtiles) character file.

Game seed: 1277484901121882980, levelgen mode: deterministic

5801 H0rd4k the Cutter (level 11, -4/83 HPs)
             Began as a Human Artificer on Apr 1, 2020.
             Was an Initiate of Gozag.
             Slain by an orc warlord
             ... wielding a +0 battleaxe
              (12 damage)
             ... in a bailey on Apr 6, 2020.
             The game lasted 00:22:46 (9767 turns).

H0rd4k the Cutter (Human Artificer)                 Turns: 9767, Time: 00:22:47

Health: -4/83      AC:  9    Str: 21    XL:     11   Next: 6%
Magic:  15/15      EV: 13    Int: 12    God:    Gozag
Gold:   599        SH:  0    Dex: 13    Spells: 10/10 levels left

rFire    + . .     SeeInvis .   N - +4 long sword (freeze)
rCold    + . .     Gourm    .   (no shield)
rNeg     . . .     Faith    .   r - +0 ring mail (curse)
rPois    .         Spirit   .   (no helmet)
rElec    .         Reflect  .   (no cloak)
rCorr    .         Harm     .   (no gloves)
MR       .....                  t - +2 pair of boots
Stlth    ++........             B - amulet of the acrobat
HPRegen  0.23/turn              J - ring of protection from fire
MPRegen  0.14/turn              D - ring of protection from cold

@: mighty, about to teleport
A: no striking features
a: Potion Petition, Call Merchant, Bribe Branch, Renounce Religion


You were in a bailey.
You worshipped Gozag.
Gozag was pleased with you.
You were not hungry.

You visited 2 branches of the dungeon, and saw 9 of its levels.
You also visited: Bailey.

You collected 849 gold pieces.
You spent 112 gold pieces at shops.
You paid 138 gold pieces to Gozag.

Inventory:

Hand Weapons
 a - a +0 short sword
 d - a +5 falchion
 k - a +3 dagger of electrocution
 N - a +4 long sword of freezing (weapon)
Missiles
 o - 35 poisoned darts (quivered)
Armour
 b - a +0 leather armour
 r - a cursed +0 ring mail (worn)
 t - a +2 pair of boots (worn)
Magical Staves
 x - an uncursed staff of earth
Jewellery
 l - an uncursed amulet of magic regeneration
 y - an uncursed ring of flight
 B - an amulet of the acrobat (around neck)
 D - a ring of protection from cold (right hand)
 J - a ring of protection from fire (left hand)
Wands
 c - a wand of flame (23)
 i - a wand of polymorph (4)
 I - a wand of digging (6)
Scrolls
 g - 2 scrolls of fog {unknown}
 h - 9 scrolls of teleportation
 j - 2 scrolls of immolation
 m - 5 scrolls of remove curse
 p - 4 scrolls of magic mapping
 s - a scroll of noise {unknown}
 v - 4 scrolls of enchant armour
 z - a scroll of acquirement {unknown}
Potions
 n - 2 potions of resistance
 q - 4 potions of mutation
 u - 3 potions of curing
 w - a potion of agility
 C - 2 potions of lignification
 F - a potion of degeneration
 G - a potion of haste {unknown}
 L - a potion of flight {unknown}
Comestibles
 f - 21 rations


   Skills:
 + Level 6.4 Fighting
 + Level 7.4(8.5) Short Blades
 + Level 6.4(8.0) Long Blades
 + Level 1.3 Throwing
 + Level 5.7 Armour
 + Level 5.2 Dodging
 + Level 5.5 Stealth
 + Level 5.9 Evocations


You had 10 spell levels left.
You didn't know any spells.
Your spell library contained the following spells:

 Spells                   Type           Power        Failure   Level  Hunger
 Corona                   Hex            #......      45%         1    ##.....
 Flame Tongue             Conj/Fire      #....        45%         1    ##.....
 Magic Dart               Conj           #...         45%         1    ##.....
 Pain                     Necr           #...         45%         1    ##.....
 Sting                    Conj/Pois      #...         45%         1    ##.....


Dungeon Overview and Level Annotations

Branches:
Dungeon (8/15)             Temple (1/1) D:5          Bailey (1/1)
   Lair: D:8-11

Altars:
Ashenzari
Cheibriados
Dithmenos
Elyvilon
Fedhas
Gozag
Hepliaklqana
Kikubaaqudgha
Makhleb
Nemelex Xobeh
Okawaru
Ru
Trog
Vehumet
Wu Jian
Zin
The Shining One

Shops:
D:6 !

Annotations:
D:1 exclusion: downstairs


Message History

The orc warlord hits you but does no damage.
You barely miss the orc warlord.
The orc warlord is moderately wounded.
The orc warlord hits you with a +0 battleaxe!
You slash the orc warlord! You freeze the orc warlord.
The orc warlord is heavily wounded.
You hit the orc warlord but do no damage.
The orc warlord is heavily wounded.
The orc warlord hits you with a +0 battleaxe.
You hit the orc warlord.
The orc warlord is heavily wounded.
The orc warlord hits you with a +0 battleaxe!!
* * * LOW HITPOINT WARNING * * *
Items here: )) [[ a +0 leather armour; a +0 hand axe; a +0 chain mail; a +0 war axe
As you read the scroll of teleportation, it crumbles to dust.
You feel strangely unstable.
The orc warlord hits you with a +0 battleaxe!
You die...
Your body crumbles into a pile of gold.

.# #.......# ##
##..[[[## # ####)## ##
##...[.## .# #.......#
.##.. ##..[....##
..#.... #.[.......#
..# #.. ##.........##
...###'###..[..o@....#
..##88.88##.........##
..#.......#.........#
.##......)##)......##
.'........$$[......#
##.......[.##.....##
.....⌠.....#######
#.........##
#.........#


You could see an orc warlord.

Vanquished Creatures
  Pikel (D:5)
  A wyvern (D:8)
  A human (D:7)
  3 hogs
  2 sky beasts
  11 orc warriors
  A phantom (D:5)
  2 black bears
  6 ogres
  A centaur (D:6)
  4 bullfrogs
  5 orc wizards
  4 killer bees (D:8)
  2 scorpions (D:4)
  7 wights (D:7)
  5 howler monkeys
  2 crimson imps
  2 centaur zombies
  A hound (D:4)
  4 orc priests (D:7)
  Crazy Yiuf (D:7)
  2 centaur skeletons (D:5)
  A gnoll shaman (D:7)
  2 bullfrog skeletons
  3 jellies
  Jessica (D:2)
  3 iguanas
  7 worker ants
  A howler monkey zombie (D:5)
  Robin (D:2)
  15 gnolls
  11 adders
  A shadow imp (D:5)
  An ooze (D:4)
  An adder zombie (D:6)
  An adder skeleton (D:5)
  3 worms
  2 dart slugs
  8 leopard geckos
  28 orcs
  5 giant cockroaches
  22 hobgoblins
  14 jackals
  7 kobolds
  3 quokkas
  4 bats
  8 frilled lizards
  A giant cockroach zombie (D:6)
  40 goblins
  2 goblin skeletons (D:4)
  2 hobgoblin zombies (D:4)
  2 kobold zombies (D:4)
  A leopard gecko skeleton (D:4)
  An orc skeleton (D:4)
  A quokka zombie (D:5)
  7 rats
278 creatures vanquished.

Vanquished Creatures (collateral kills)
  A hog (D:6)
  An ogre (D:7)
  An orc wizard (D:5)
  2 orcs (D:5)
  A goblin (D:2)
6 creatures vanquished.

Vanquished Creatures (others)
  An orc warrior (D:7)
  A black bear (D:7)
  An ogre (D:5)
  A bullfrog (D:7)
  A scorpion (D:7)
  2 wights (D:7)
  A hound (D:4)
  A hobgoblin (D:2)
  A frilled lizard (D:2)
10 creatures vanquished.

Grand Total: 294 creatures vanquished

Notes
Turn   | Place    | Note
-------+----------+-------------------------------------------
     0 | D:1      | H0rd4k the Human Artificer began the quest for the Orb.
     0 | D:1      | Reached XP level 1. HP: 15/15 MP: 3/3
   200 | D:1      | Reached XP level 2. HP: 15/21 MP: 4/4
   320 | D:1      | Reached XP level 3. HP: 16/26 MP: 5/5
  1209 | D:2      | Reached skill level 1 in Armour
  1224 | D:2      | Noticed Jessica
  1230 | D:2      | Reached XP level 4. HP: 25/32 MP: 6/6
  1237 | D:2      | Killed Jessica
  1237 | D:2      | Reached skill level 2 in Short Blades
  1271 | D:2      | Found a sparkling altar of Nemelex Xobeh.
  1632 | D:2      | Noticed Robin
  1997 | D:2      | Reached XP level 5. HP: 14/37 MP: 7/7
  2636 | D:2      | Killed Robin
  2714 | D:2      | Found a radiant altar of Vehumet.
  2715 | D:2      | Found a snail-covered altar of Cheibriados.
  2764 | D:2      | Found a blossoming altar of Fedhas.
  2947 | D:3      | Found a burning altar of Makhleb.
  2947 | D:3      | Noticed a blizzard demon
  3088 | D:3      | Reached skill level 3 in Short Blades
  3619 | D:4      | Reached XP level 6. HP: 36/44 MP: 8/8
  3720 | D:4      | Found a glowing golden altar of the Shining One.
  4014 | D:4      | Reached skill level 4 in Short Blades
  4014 | D:4      | Reached XP level 7. HP: 47/50 MP: 9/9
  4146 | D:4      | Found a white marble altar of Elyvilon.
  4788 | D:5      | Entered Level 5 of the Dungeon
  4831 | D:5      | Found a staircase to the Ecumenical Temple.
  4847 | D:5      | Reached skill level 5 in Short Blades
  4847 | D:5      | Reached XP level 8. HP: 20/58 MP: 10/10
  5266 | D:5      | Noticed Pikel
  5470 | D:5      | Found a shadowy altar of Dithmenos.
  5529 | D:5      | Identified First Steps in Wizardry
  5714 | D:5      | Killed Pikel
  5714 | D:5      | Reached skill level 6 in Short Blades
  5714 | D:5      | Reached XP level 9. HP: 56/66 MP: 10/12
  6331 | D:6      | Found a hazy altar of Hepliaklqana.
  6460 | D:6      | Found Lyowni's Distillery.
  6467 | D:6      | Bought a potion of curing for 42 gold pieces
  6467 | D:6      | Bought a potion of heal wounds for 70 gold pieces
  6534 | D:6      | Reached skill level 7 in Short Blades
  6710 | D:6      | Found an iron altar of Okawaru.
  6925 | D:7      | Reached skill level 5 in Evocations
  6949 | D:7      | Reached skill level 1 in Throwing
  6950 | D:7      | Found a bloodstained altar of Trog.
  6965 | D:7      | Reached skill level 5 in Fighting
  7516 | D:6      | Reached skill level 5 in Armour
  7703 | D:7      | Reached XP level 10. HP: 57/74 MP: 12/14
  7713 | D:7      | Reached skill level 1 in Long Blades
  8194 | D:7      | Found a runed translucent door.
  8195 | D:7      | Noticed Crazy Yiuf
  8260 | D:7      | Found an ancient bone altar of Kikubaaqudgha.
  8366 | D:7      | Reached skill level 5 in Stealth
  8889 | D:7      | Killed Crazy Yiuf
  8990 | Temple   | Entered the Ecumenical Temple
  8998 | Temple   | Became a worshipper of Gozag Ym Sagoz the Greedy
  9221 | D:8      | Found a flagged portal.
  9231 | Bailey   | Entered a bailey
  9253 | Bailey   | Reached skill level 5 in Long Blades
  9476 | Bailey   | Reached skill level 5 in Dodging
  9551 | Bailey   | Reached XP level 11. HP: 12/82 MP: 15/15
  9595 | Bailey   | Noticed an orc warlord
  9767 | Bailey   | Slain by an orc warlord

Levels and vault maps discovered:
D:1:      dpeg_arrival_three_same_balls, layout_basic, minmay_tromino_v2
D:2:      layout_rooms, fedhas_altar_fruit_tree,
          gammafunk_temple_overflow_pools, first_ration,
          nemelex_spade_bored_becter, uniq_robin, uniq_jessica
D:3:      layout_basic, makhleb_altar_promises_db
D:4:      layout_basic, nicolae_tso_besieged_by_evil, elyvilon_altar_4,
          serial_forest, infiniplex_forest_clump_double,
          infiniplex_forest_lined_room_2, infiniplex_forest_lined_2,
          infiniplex_forest_end_2, infiniplex_forest_clump_tiny,
          infiniplex_forest_lined_room_2, infiniplex_forest_clump_curved,
          infiniplex_forest_clump_double, infiniplex_forest_clump_double,
          infiniplex_forest_clump_diagonal, kennysheep_flooded_box,
          corexii_corridor_pit
D:5:      layout_gridville, nicolae_dithmenos_shadow_blocks,
          minmay_temple_entry_statues_fountains, st_stairs_6, uniq_pikel
D:6:      layout_basic, nicolae_overflow_crystal_walls,
          okawaru_altar_gauntlet_db, serial_shops, shop_statue,
          minmay_checkerbox
D:7:      layout_loops_corners, kennysheep_mini, trog_ov_bears_minmay,
          grunt_livestock, uniq_crazy_yiuf_cottage
D:8:      layout_cave_pods, lemuel_crystal_altar, enter_ossuary_2,
          enter_bailey_2
Temple:   dpeg_three_leaves_temple
Bailey:   bailey_axe_minmay_hex_keep, bailey

Skill      XL: |  1  2  3  4  5  6  7  8  9 10 |
---------------+-------------------------------+-----
Armour         | 1 2 3 4 5 |  5.7
Short Blades   | 2 3 4 5 6 7 |  7.4
Fighting       | 2 3 4 5 6 |  6.4
Dodging        | 3 4 5 |  5.2
Stealth        | 2 3 4 5 |  5.5
Evocations     | 4 5 |  5.9
Throwing       | 1 |  1.3
Long Blades    | 6 |  6.4

Action                   |  1- 3 |  4- 6 |  7- 9 | 10-12 || total
-------------------------+-------+-------+-------+-------++-------
Melee: Short sword       |    68 |       |       |       ||    68
       Dagger            |    31 |   203 |   213 |       ||   447
       Long sword        |       |       |    10 |   255 ||   265
Throw: Dart              |       |       |     8 |     1 ||     9
Evoke: Wand              |     2 |     2 |    33 |    33 ||    70
  Use: Scroll            |       |       |    11 |     2 ||    13
       Potion            |       |       |     2 |     3 ||     5
 Stab: Sleeping          |     2 |     4 |     5 |     1 ||    12
       Distracted        |       |       |       |     3 ||     3
       Confused          |       |       |       |     3 ||     3
       Invisible         |       |       |       |     1 ||     1
  Eat: Chunk             |       |    10 |     7 |     6 ||    23
       Ration            |       |       |     1 |     1 ||     2
Armor: Leather armour    |    26 |    39 |    23 |       ||    88
       Ring mail         |       |       |       |    65 ||    65
Dodge: Dodged            |    53 |   131 |   111 |   189 ||   484
       Rpst.: Long sword |       |       |     3 |    67 ||    70
